 Dungeon Crawl Stone Soup version 0.20.0-10-g0535bb4 (webtiles) character file.

110 maniacrov the Firebug (level 4, -8/24 HPs)
             Began as a Deep Elf Fire Elementalist on June 7, 2017.
             Shot with an arrow by a centaur (9 damage)
             ... on level 3 of the Dungeon.
             The game lasted 00:10:45 (1717 turns).

maniacrov the Firebug (Deep Elf Fire Elementalist)  Turns: 1717, Time: 00:10:46

Health: -8/24      AC:  5    Str:  5    XL:     4   Next: 61%
Magic:  6/11       EV: 14    Int: 21    God:
Gold:   170        SH:  0    Dex: 15    Spells: 2/10 levels left

rFire    . . .     SeeInvis +   g - +0 dagger
rCold    . . .     Gourm    .   (no shield)
rNeg     . . .     Faith    .   a - +0 robe
rPois    .         Spirit   .   l - +2 helmet {SInv}
rElec    .         Reflect  .   (no cloak)
rCorr    .         Harm     .   (no gloves)
MR       .....                  (no boots)
Stlth    ++........             (no amulet)
Regen    0.1/turn               (no ring)
MPRegen  0.2/turn               (no ring)

@: no status effects
A: no striking features
a: no special abilities


You were on level 3 of the Dungeon.
You were not hungry.

You visited 1 branch of the dungeon, and saw 3 of its levels.

You collected 170 gold pieces.

Inventory:

Hand Weapons
 g - a +0 dagger (weapon)
 p - a +0 dagger
Armour
 a - a +0 robe (worn)
 l - a +2 helmet of see invisible (worn)
Jewellery
 f - an uncursed ring of flight {unknown}
Wands
 o - a wand of confusion (17/48)
 r - a wand of iceblast (10/15)
Scrolls
 k - a scroll of amnesia
Potions
 d - 2 potions of cancellation
 j - a potion of flight {unknown}
 m - a potion of haste
 n - a potion of might {unknown}
Books
 b - a book of Flames

   Spells                             Type                      Level
   a - Flame Tongue                   Conjuration/Fire             1
   b - Throw Flame                    Conjuration/Fire             2
   c - Conjure Flame                  Conjuration/Fire             3
   d - Inner Flame                    Hexes/Fire                   3
   e - Sticky Flame                   Conjuration/Fire             4
   f - Fireball                       Conjuration/Fire             5
 i - a book of Changes

   Spells                             Type                      Level
   a - Beastly Appendage              Transmutation                1
   b - Sticks to Snakes               Transmutation                2
   c - Spider Form                    Transmutation/Poison         3
   d - Ice Form                       Ice/Transmutation            4
   e - Blade Hands                    Transmutation                5
Comestibles
 c - a bread ration
 h - a royal jelly
 q - a meat ration


   Skills:
 + Level 3.4 Dodging
 + Level 3.5 Stealth
 + Level 3.5 Spellcasting
 + Level 2.6 Conjurations
 + Level 3.9 Fire Magic


You had 2 spell levels left.
You knew the following spells:

 Your Spells              Type           Power        Failure   Level  Hunger
a - Flame Tongue          Conj/Fire      ###..        3%          1    None
b - Throw Flame           Conj/Fire      ###...       4%          2    ##.....
c - Inner Flame           Hex/Fire       ##......     17%         3    ###....
d - Sticks to Snakes      Tmut           #.......     19%         2    ##.....


Dungeon Overview and Level Annotations

Branches:
Dungeon (3/15)

Altars:


Message History

The centaur shoots an arrow.
The arrow hits you!
* * * LOW HITPOINT WARNING * * *
Casting: Flame Tongue
Confirm with . or Enter, or press ? or * to list all spells.
Aiming: Flame Tongue
Press: ? - help, Shift-Dir - straight line, f/p - centaur
Aim: a centaur, wielding a shortbow (heavily wounded)
The flame tongue hits the centaur.
The centaur appears unharmed.
The centaur is heavily wounded.
The centaur shoots an arrow.
The arrow barely misses you.
Casting: Flame Tongue
Confirm with . or Enter, or press ? or * to list all spells.
Aiming: Flame Tongue
Press: ? - help, Shift-Dir - straight line, f/p - centaur
Aim: a centaur, wielding a shortbow (heavily wounded)
The flame tongue hits the centaur.
The centaur is severely wounded.
The centaur shoots an arrow.
The arrow closely misses you.
The centaur shoots an arrow.
The arrow hits you!
You die...

#..# ##
#... .##.
#..# .....
#..# .....
#..#......
#..#......
#(....#
#.@...#
#.....#
#.##c#....
#. S# ..#
.. # # #..
#.. #..


You could see a centaur and a ball python.

Vanquished Creatures
  Robin (D:2)
  4 adders (D:2)
  3 dart slugs (D:2)
  2 leopard geckos
  6 bats
  2 giant cockroaches (D:2)
  11 goblins
  10 hobgoblins
  2 jackals (D:1)
  5 kobolds
  3 frilled lizards
  4 rats (D:1)
53 creatures vanquished.

Notes
Turn   | Place    | Note
-------+----------+-------------------------------------------
     0 | D:1      | maniacrov the Deep Elf Fire Elementalist began the quest for the Orb.
     0 | D:1      | Reached XP level 1. HP: 10/10 MP: 6/6
   181 | D:1      | Reached XP level 2. HP: 9/15 MP: 2/8
   251 | D:1      | Learned a level 1 spell: Flame Tongue
   254 | D:1      | Learned a level 2 spell: Throw Flame
   809 | D:2      | Reached XP level 3. HP: 19/19 MP: 3/9
   894 | D:2      | Noticed Robin
   894 | D:2      | Learned a level 3 spell: Inner Flame
   922 | D:2      | Killed Robin
  1111 | D:2      | Reached XP level 4. HP: 24/24 MP: 9/11
  1355 | D:2      | Learned a level 2 spell: Sticks to Snakes
  1711 | D:3      | Noticed a centaur
  1715 | D:3      | HP: 1/24 [centaur/arrow (9)]
  1717 | D:3      | Shot with an arrow by a centaur

Skill      XL: |  1  2  3 |
---------------+----------+-----
Conjurations   | 2 |  2.6
Dodging        | 3 |  3.4
Stealth        | 3 |  3.5
Spellcasting   | |  3.5
Fire Magic     | |  3.9

Action                   |  1- 3 |  4- 6 || total
-------------------------+-------+-------++-------
Melee: Dagger            |    22 |     9 ||    31
 Cast: Flame Tongue      |    49 |    27 ||    76
       Throw Flame       |     5 |     6 ||    11
       Inner Flame       |     2 |       ||     2
  Use: Scroll            |     7 |     2 ||     9
       Potion            |     4 |     1 ||     5
  Eat: Chunk             |     1 |       ||     1
       Fruit             |       |     2 ||     2
Armor: Robe              |     8 |    10 ||    18
Dodge: Dodged            |    28 |    15 ||    43
